 Dungeon Crawl Stone Soup version 0.21.1-1-g345015fe64 (webtiles) character file.

19009 Gargoyl the Basher (level 12, 0/102 HPs)
             Began as a Centaur Abyssal Knight on July 29, 2018.
             Was an Elder of Lugonu.
             Slain by a black mamba (5 damage)
             ... on level 4 of the Lair of Beasts.
             The game lasted 00:21:48 (13426 turns).

Gargoyl the Basher (Centaur Abyssal Knight)        Turns: 13426, Time: 00:21:52

Health: 0/102      AC: 35    Str: 18    XL:     12   Next: 32%
Magic:  18/18      EV:  4    Int: 11    God:    Lugonu [****..]
Gold:   954        SH:  3    Dex: 11    Spells: 11/11 levels left

rFire    + . .     SeeInvis .   e - +8 mace of Causality {freeze, rElec}
rCold    + . .     Gourm    .   L - +0 buckler
rNeg     + . .     Faith    .   h - +2 chain mail {MR+}
rPois    +         Spirit   .   m - +1 helmet
rElec    +         Reflect  .   b - +1 cloak
rCorr    .         Harm     .   E - +1 pair of gloves
MR       +....                  l - +10 Black Knight's horse barding {ponderous, rPois rN+}
Stlth    ..........             s - amulet of magic regeneration
HPRegen  0.27/turn              q - ring of protection from cold
MPRegen  0.41/turn              D - ring of protection from fire

@: lethally poisoned (0 -> -4), studying Polearms, quick
A: large, hooves 3, deformed body, speed 2, tough skin 3
a: Depart the Abyss, Bend Space, Banish, Corrupt, Renounce Religion


You were on level 4 of the Lair of Beasts.
You worshipped Lugonu.
Lugonu was greatly pleased with you.
You were not hungry.

You visited 2 branches of the dungeon, and saw 13 of its levels.
You visited the Abyss 1 time.

You collected 954 gold pieces.

Inventory:

Hand Weapons
 a - a +2 hand axe
 e - the +8 mace of Causality (weapon) {freeze, rElec}
   (You found it on level 2 of the Abyss)

   It has been specially enchanted to freeze those struck by it, causing extra
   injury to most foes and up to half again as much damage against particularly
   susceptible opponents.
   It can also slow down cold-blooded creatures.
   It insulates you from electricity.
 r - a +1 war axe
 V - a +1 war axe of electrocution
Missiles
 Q - 9 tomahawks (quivered)
Armour
 b - a +1 cloak (worn)
 h - a +2 chain mail of magic resistance (worn)
 l - the +10 Black Knight's horse barding (worn) {ponderous, rPois rN+}
   (You acquired it on level 7 of the Dungeon)

   It protects you from poison.
   It protects you from negative energy.
 m - a +1 helmet (worn)
 E - a +1 pair of gloves (worn)
 L - a +0 buckler (worn)
Jewellery
 q - a ring of protection from cold (left hand)
 s - an amulet of magic regeneration (around neck)
 D - a ring of protection from fire (right hand)
 K - an uncursed ring of flight
 N - an uncursed ring of protection from fire
 W - a cursed ring of teleportation {unknown}
Wands
 f - a wand of random effects (31)
 v - a wand of disintegration (26)
 B - a wand of polymorph (16)
 C - a wand of enslavement (8)
 G - a wand of acid (12)
 H - a wand of paralysis (23)
 M - a wand of flame (46)
 S - a wand of scattershot (6)
Scrolls
 n - 10 scrolls of identify
 t - 3 scrolls of amnesia
 w - 3 scrolls of blinking
 y - a scroll of fear
 I - 3 scrolls of remove curse
 R - a scroll of enchant armour
 T - a scroll of torment {unknown}
Potions
 d - a potion of ambrosia {unknown}
 i - 2 potions of magic
 j - a potion of lignification {unknown}
 k - 2 potions of brilliance
 o - a potion of flight
 p - 3 potions of mutation {unknown}
 u - a potion of might
 x - 6 potions of haste {unknown}
 z - 6 potions of curing
 A - 3 potions of heal wounds
 F - a potion of invisibility {unknown}
 P - a potion of degeneration {unknown}
 U - a potion of cancellation {unknown}
Books
 J - a book of Misfortune

   Spells                             Type                      Level
   a - Confusing Touch                Hexes                        1
   b - Confuse                        Hexes                        3
   c - Gell's Gravitas                Translocation                3
   d - Petrify                        Transmutation/Earth          4
   e - Metabolic Englaciation         Hexes/Ice                    5
   f - Yara's Violent Unravelling     Hexes/Transmutation          5
 O - a manual of Polearms
Comestibles
 c - 21 rations


   Skills:
 + Level 8.3 Fighting
 + Level 2.4(7.1) Axes
 + Level 10.4(10.6) Maces & Flails
 + Level 0.5 Throwing
 * Level 9.8 Armour
 + Level 2.5 Dodging
 - Level 0.2 Stealth
 + Level 1.2 Shields
 * Level 8.7 Invocations


You had 11 spell levels left.
You didn't know any spells.

Dungeon Overview and Level Annotations

Branches:
Dungeon (8/15)             Temple (0/1) D:7            Lair (5/6) D:8
  Swamp (0/4) Lair:4        Snake (0/4) Lair:4
  Slime: Lair:5-6

Altars:
Ashenzari
Cheibriados
Dithmenos
Fedhas
Gozag
Hepliaklqana
Makhleb
Uskayaw
Xom

Shops:
D:8 *


Innate Abilities, Weirdness & Mutations

You have hooves in place of feet.
Armour fits poorly on your strangely shaped body.
You cover ground very quickly.
You have extremely tough skin. (AC +3)


Message History

You feel sick.
The black mamba bites you but does no damage.
The black mamba bites you.
* * * LOW HITPOINT WARNING * * *
You hit the black mamba but do no damage.
The black mamba is heavily wounded.
You feel sick.
The black mamba bites you but does no damage.
You completely miss the black mamba.
The black mamba is heavily wounded.
You feel sick. The black mamba bites you!
* * * LOW HITPOINT WARNING * * *
You block the black mamba's attack.
You closely miss the black mamba. You kick the black mamba!
The black mamba is severely wounded.
* * * LOW HITPOINT WARNING * * *
You feel sick.
The black mamba bites you but does no damage.
The black mamba bites you.
You die...

...#...P...#####.......##.PP###..
..#...........##......##....###.#
..##...##......#......P#....#.#.#
..#............#........#........
........###.#.P#.......##....#..#
...#...######.........###..####.#
...#..................########..#
#..P.>.............>..P###P.#...#
...............S@.........P......
................................#
..................[..............
.........##..#..##..............#
.P........####..##....##.#.###..#
###P......#....###...#########...
..##......#....###...#####..###..
..#......#.#...##....#.#<....#...
..##............#...............#


You could see a black mamba.

Vanquished Creatures
  3 hydras
  4 death yaks
  Joseph (D:7)
  2 black mambas
  A torpor snail (Lair:4)
  5 spiny frogs
  3 rime drakes (Lair:5)
  2 komodo dragons
  A dream sheep (Lair:4)
  3 hippogriffs
  Grinder (D:5)
  6 blink frogs (Lair:3)
  2 wyverns
  12 yaks
  A basilisk (Lair:2)
  Menkaure (D:7)
  Edmund (D:6)
  5 nagas (Lair:4)
  6 water moccasins
  6 porcupines
  2 sky beasts (D:8)
  A swamp drake (Lair:4)
  2 ice beasts
  An ogre (D:8)
  4 centaurs
  The ghost of Theblade12 the Grave Robber, an amateur DsNe (D:4)
  8 crocodiles
  14 bullfrogs
  A water moccasin skeleton (D:6)
  A scorpion (D:6)
  5 wights (D:6)
  2 electric eels (Lair:4)
  A howler monkey (D:5)
  3 crimson imps (D:7)
  A centaur zombie (D:6)
  2 jellies
  2 orc wizards (D:6)
  An iron imp (D:6)
  Jessica (D:2)
  3 iguanas
  Natasha (thrice) (D:3)
  6 hell rats (Lair:2)
  3 worker ants
  A hound skeleton (D:4)
  6 adders
  2 shadow imps
  3 oozes
  A worm (D:6)
  4 leopard geckos
  11 orcs
  9 goblins
  7 hobgoblins
  10 jackals
  4 kobolds
  3 quokkas
  8 bats
  3 frilled lizards
  A leopard gecko skeleton (D:8)
  A quokka skeleton (D:6)
  3 rats
  A plant (Lair:2)
212 creatures vanquished.

Vanquished Creatures (others)
  4 oklob plants (Lair:2)
  5 fungi
  3 plants
12 creatures vanquished.

Grand Total: 224 creatures vanquished

Notes
Turn   | Place    | Note
-------+----------+-------------------------------------------
     0 | Abyss:1  | Gargoyl the Centaur Abyssal Knight began the quest for the Orb.
     0 | Abyss:1  | Reached XP level 1. HP: 19/19 MP: 2/2
    93 | Abyss:1  | Found a corrupted altar of Lugonu.
   141 | Abyss:2  | Got a polished mace
   142 | Abyss:2  | Identified the +8 mace of Causality {freeze, rElec} (You found it on level 2 of the Abyss)
   164 | Abyss:2  | Noticed a neqoxec
   193 | Abyss:2  | Noticed a bone dragon
   196 | D:1      | Escaped the Abyss
   258 | D:1      | Reached * piety under Lugonu
   343 | D:1      | Reached XP level 2. HP: 25/26 MP: 3/3
   541 | D:1      | Reached XP level 3. HP: 33/33 MP: 4/4
   783 | D:2      | Noticed Jessica
   790 | D:2      | Killed Jessica
  1042 | D:3      | Reached skill level 1 in Maces & Flails
  1042 | D:3      | Reached XP level 4. HP: 40/40 MP: 5/5
  1052 | D:3      | Noticed Natasha
  1057 | D:3      | Killed Natasha
  1057 | D:3      | Reached ** piety under Lugonu
  1064 | D:3      | Noticed Natasha
  1076 | D:3      | Killed Natasha
  1078 | D:3      | Noticed Natasha
  1085 | D:3      | Killed Natasha
  1085 | D:3      | Reached XP level 5. HP: 44/47 MP: 6/6
  1131 | D:3      | Found a shattered altar of Ashenzari.
  1131 | D:3      | Noticed a centaur
  1138 | D:3      | Killed a centaur
  1138 | D:3      | Reached skill level 2 in Maces & Flails
  1547 | D:3      | Found a faded altar of an unknown god.
  1818 | D:4      | Found a blossoming altar of Fedhas.
  1820 | D:4      | Noticed a centaur
  2051 | D:4      | Killed a centaur
  2051 | D:4      | Reached skill level 3 in Maces & Flails
  2051 | D:4      | Reached XP level 6. HP: 36/55 MP: 7/7
  2147 | D:4      | You fall through a shaft for 2 floors!
  2147 | D:6      | Found a snail-covered altar of Cheibriados.
  2270 | D:6      | Reached skill level 5 in Fighting
  2342 | D:5      | Entered Level 5 of the Dungeon
  2467 | D:5      | Reached skill level 4 in Maces & Flails
  2467 | D:5      | Reached skill level 1 in Dodging
  2467 | D:5      | Reached XP level 7. HP: 60/61 MP: 8/8
  2499 | D:4      | Noticed Theblade12's ghost (amateur DsNe)
  2508 | D:4      | Killed Theblade12's ghost
  2516 | D:4      | Reached *** piety under Lugonu
  3116 | D:5      | Found a shimmering altar of Xom.
  3416 | D:6      | Noticed Grinder
  3426 | D:6      | Paralysed by Grinder for 6 turns
  3436 | D:5      | Killed Grinder
  3593 | D:7      | HP: 2/61 [centaur/arrow (9)]
  3602 | D:7      | Reached skill level 5 in Maces & Flails
  3920 | D:7      | Identified a scroll of acquirement
  3921 | D:7      | Found the +10 Black Knight's horse barding {ponderous, rPois rN+}
  3931 | D:7      | Reached XP level 8. HP: 69/69 MP: 9/9
  4023 | D:7      | Noticed Menkaure
  4030 | D:7      | Killed Menkaure
  4305 | D:6      | Noticed Edmund
  4314 | D:6      | Killed Edmund
  4369 | D:6      | Reached skill level 5 in Armour
  4610 | D:6      | Found a hazy altar of Hepliaklqana.
  4660 | D:6      | Found a hide-covered altar of Uskayaw.
  4955 | D:7      | Noticed Joseph
  4960 | D:7      | Reached skill level 6 in Maces & Flails
  4960 | D:7      | Reached XP level 9. HP: 56/75 MP: 10/12
  4978 | D:7      | Killed Joseph
  5111 | D:7      | Found a shadowy altar of Dithmenos.
  5413 | D:7      | Found a staircase to the Ecumenical Temple.
  5665 | D:8      | Found a burning altar of Makhleb.
  5744 | D:8      | Reached **** piety under Lugonu
  5761 | D:8      | Found Loiduop's Assorted Antiques.
  5869 | D:8      | Reached skill level 7 in Maces & Flails
  5905 | D:8      | Found a staircase to the Lair.
  5956 | Lair:1   | Entered Level 1 of the Lair of Beasts
  5960 | Lair:1   | Reached skill level 5 in Invocations
  6085 | Lair:1   | Found an opulent altar of Gozag.
  6196 | Lair:1   | Noticed a spiny frog
  6207 | Lair:1   | Killed a spiny frog
  6207 | Lair:1   | Reached XP level 10. HP: 13/84 MP: 12/14
  6219 | Lair:1   | Reached skill level 8 in Maces & Flails
  6985 | Lair:2   | You fall through a shaft for 2 floors!
  7008 | Lair:4   | Noticed a spiny frog
  7009 | Lair:4   | Noticed a torpor snail
  7017 | Lair:4   | HP: 4/84 [spiny frog (16)]
  7758 | Lair:2   | Noticed an oklob plant
  7758 | Lair:2   | Noticed an oklob plant
  7759 | Lair:2   | Noticed an oklob plant
  7760 | Lair:2   | Noticed an oklob plant
  7808 | Lair:2   | Banished an oklob plant
  7809 | Lair:2   | Banished an oklob plant
  7810 | Lair:2   | Banished an oklob plant
  7813 | Lair:2   | Banished an oklob plant
  8104 | Lair:2   | Noticed a black mamba
  8129 | Lair:1   | Killed a black mamba
  8462 | Lair:2   | Noticed an eight-headed hydra
  8472 | Lair:2   | Killed an eight-headed hydra
  9120 | Lair:3   | Reached skill level 9 in Maces & Flails
  9136 | Lair:3   | Noticed a five-headed hydra
  9137 | Lair:3   | Noticed a spiny frog
  9173 | Lair:1   | Killed a spiny frog
  9347 | Lair:2   | Killed a five-headed hydra
  9347 | Lair:2   | Reached XP level 11. HP: 44/92 MP: 16/16
 10282 | Lair:3   | Noticed a death yak
 10298 | Lair:3   | Noticed a death yak
 10302 | Lair:3   | Noticed a death yak
 10306 | Lair:3   | Killed a death yak
 10353 | Lair:2   | Killed a death yak
 10493 | Lair:3   | Killed a death yak
 11377 | Lair:4   | Reached skill level 1 in Shields
 11549 | Lair:4   | Reached skill level 10 in Maces & Flails
 12242 | Lair:4   | Found a staircase to the Swamp.
 12374 | Lair:4   | Noticed an eight-headed hydra
 12374 | Lair:4   | Noticed a death yak
 12398 | Lair:4   | Killed an eight-headed hydra
 12398 | Lair:4   | Reached XP level 12. HP: 68/101 MP: 18/18
 12409 | Lair:4   | Killed a death yak
 12792 | Lair:4   | Found a staircase to the Snake Pit.
 13248 | Lair:5   | Noticed a catoblepas
 13426 | Lair:4   | HP: 5/102 [poisoned by a black mamba]
 13426 | Lair:4   | Slain by a black mamba

Skill      XL: |  1  2  3  4  5  6  7  8  9 10 11 12 |
---------------+-------------------------------------+-----
Axes           | 2 |  2.4
Fighting       | 4 5 6 7 8 |  8.3
Maces & Flails | 1 3 4 5 6 7 9 10 | 10.4
Armour         | 2 3 5 6 7 9 |  9.8
Dodging        | 1 2 |  2.5
Invocations    | 4 5 7 8 |  8.7
Shields        | 1 |  1.2
Throwing       | |  0.5
Stealth        | |  0.2

Action                   |  1- 3 |  4- 6 |  7- 9 | 10-12 || total
-------------------------+-------+-------+-------+-------++-------
Melee: Mace              |    53 |    71 |   225 |   385 ||   734
       Kick              |     3 |    15 |    51 |   127 ||   196
       War axe           |       |       |       |    55 ||    55
Throw: Tomahawk          |       |       |     3 |     1 ||     4
Invok: Depart the Abyss  |     1 |       |       |       ||     1
       Bend Space        |       |       |     1 |     3 ||     4
       Banish            |       |       |       |     5 ||     5
  Use: Scroll            |     8 |     2 |     4 |    10 ||    24
       Potion            |       |     2 |     6 |     2 ||    10
  Eat: Chunk             |       |     1 |     2 |     6 ||     9
       Ration            |       |     1 |     2 |     5 ||     8
Armor: Chain mail        |    38 |    67 |   209 |   441 ||   755
       Ring mail         |     5 |       |       |       ||     5
Dodge: Dodged            |     6 |    17 |    40 |    59 ||   122
Block: Buckler           |       |       |       |    52 ||    52
